 Dungeon Crawl Stone Soup version 0.21.1-1-g345015f (webtiles) character file.

11349 letownia2 the Destroyer (level 11, -7/60 HPs)
             Began as a Gargoyle Wizard on Feb 14, 2018.
             Was a High Priest of Vehumet.
             Mangled by an orc warrior
             ... wielding a +0 trident
              (11 damage)
             ... on level 1 of the Orcish Mines.
             The game lasted 00:44:06 (5231 turns).

letownia2 the Destroyer (Gargoyle Wizard)           Turns: 5231, Time: 00:44:06

Health: -7/60      AC: 15    Str: 16    XL:     11   Next: 76%
Magic:  3/24       EV: 11    Int: 25    God:    Vehumet [*****.]
Gold:   499        SH:  0    Dex:  8    Spells: 5/29 levels left

rFire    . . .     SeeInvis .   a - +6 trident of Tension {flame, Int+4}
rCold    . . .     Gourm    .   (no shield)
rNeg     + . .     Faith    .   I - +0 ring mail
rPois    ∞         Spirit   .   h - +0 hat
rElec    +         Reflect  .   (no cloak)
rCorr    .         Harm     .   v - +0 pair of gloves
MR       .....                  f - +0 pair of boots
Stlth    +.........             (no amulet)
HPRegen  0.20/turn              g - +4 ring of strength
MPRegen  0.19/turn              (no ring)

@: no status effects
A: negative energy resistance 1, electricity resistance, unbreathing,
petrification resistance, rot immunity, AC +8
a: Renounce Religion


You were on level 1 of the Orcish Mines.
You worshipped Vehumet.
Vehumet was extremely pleased with you.
You were hungry.

You visited 3 branches of the dungeon, and saw 14 of its levels.
You also visited: Bailey.

You collected 499 gold pieces.

Inventory:

Hand Weapons
 a - the +6 trident of Tension (weapon) {flame, Int+4}
   (You took it off a gnoll shaman in a bailey)

   It has been specially enchanted to burn those struck by it, causing extra
   injury to most foes and up to half again as much damage against particularly
   susceptible opponents.
   It affects your intelligence (+4).
Missiles
 F - a throwing net (quivered)
Armour
 f - a +0 pair of boots (worn)
 h - a +0 hat (worn)
 v - a +0 pair of gloves (worn)
 I - a +0 ring mail (worn)
Magical Staves
 b - an uncursed staff of conjuration
Jewellery
 g - a +4 ring of strength (left hand)
Wands
 D - a wand of iceblast (8)
 L - a wand of flame (52)
Scrolls
 j - 3 scrolls of noise {unknown}
 m - a scroll of random uselessness {unknown}
 n - a scroll of magic mapping {unknown}
 q - 2 scrolls of immolation {unknown}
 s - a scroll of identify
 u - a scroll of fog {unknown}
 w - 2 scrolls of remove curse
 x - 2 scrolls of amnesia {unknown}
Potions
 i - 3 potions of lignification {unknown}
 l - 2 potions of invisibility {unknown}
 o - a potion of might {unknown}
 p - 2 potions of heal wounds {unknown}
 r - 2 potions of curing {unknown}
 t - 2 potions of brilliance
 z - 3 potions of haste {unknown}
 B - a potion of experience {unknown}
 C - a potion of degeneration {unknown}
 E - a potion of magic
 G - 2 potions of flight {unknown}
Comestibles
 d - 16 rations


   Skills:
 - Level 3.7 Fighting
 - Level 3.0 Armour
 - Level 2.9 Dodging
 - Level 2.1 Stealth
 - Level 9.7 Spellcasting
 + Level 13.7 Conjurations
 - Level 0.8 Summonings
 - Level 0.8 Translocations
 - Level 2.3 Fire Magic
 - Level 3.2 Ice Magic
 - Level 2.0 Air Magic
 - Level 2.3 Poison Magic


You had 5 spell levels left.
You knew the following spells:

 Your Spells              Type           Power        Failure   Level  Hunger
a - Magic Dart            Conj           ####         1%          1    None
b - Blink                 Tloc           N/A          10%         2    None
c - Conjure Flame         Conj/Fire      ######..     1%          3    None
d - Iskenderun's Mystic   Conj           ######..     1%          4    #......
e - Mephitic Cloud        Conj/Pois/Air  #####...     1%          3    None
f - Flame Tongue          Conj/Fire      #####        1%          1    None
g - Call Imp              Summ           ###.....     10%         2    None
i - Throw Icicle          Conj/Ice       ######..     1%          4    #......
q - Sting                 Conj/Pois      ####         1%          1    None
x - Inner Flame           Hex/Fire       ###.....     4%          3    None


Dungeon Overview and Level Annotations

Branches:
Dungeon (11/15)              Lair (2/6) D:9             Orc (1/2) D:11
 Temple: D:4-7        Swamp: Lair:2-4    Shoals: Lair:2-4     Snake: Lair:2-4
 Spider: Lair:2-4

Altars:
Dithmenos
Kikubaaqudgha
Sif Muna
Trog
Uskayaw
Vehumet
The Shining One

Shops:
D:9 %


Innate Abilities, Weirdness & Mutations

You are resistant to torment.
Your stone body is resilient. (AC +8)
You are immune to poison.
You resist negative energy. (rN+)
You are resistant to electric shocks. (rElec)
You can survive without breathing.
You are immune to petrification.
You are immune to rotting.


Message History

The orc warrior throws a tomahawk.
The tomahawk hits you but does no damage.
Unknown command.
Unknown command.
Casting: Iskenderun's Mystic Blast
Confirm with . or Enter, or press ? or * to list all spells.
Aiming: Iskenderun's Mystic Blast
Press: ? - help, Shift-Dir - straight line, f/p - orc warrior
Aim: an orc warrior, wielding a trident and wearing a chain mail (lightly wounded)
The orb of energy hits the orc warrior.
The orc warrior is moderately wounded.
The orb of energy explodes!
The mystic blast hits the orc warrior.
The orc warrior is almost dead.
The mystic blast hits the orc.
You kill the orc!
Vehumet accepts your kill.
You feel your power returning.
The orc no longer looks unusually strong.
The orc warrior hits you from afar with a trident!
You die...

### ##.## #...#### ##
##..).(## #.##
##..o.@))# #...#
#..o..)(####.#..
##..oo####.#...#
#....)......#.## ####
#.........)....#
.....#....#.....<..#
.......o......##.##.#
........#.#...####
.#.........#...#


You could see 2 orc warriors, an orc wizard and 2 orcs.

Vanquished Creatures
  2 two-headed ogres (D:9)
  A death yak (Lair:2)
  An orc knight (Orc:1)
  Pikel (D:4)
  A gargoyle (D:10)
  A komodo dragon (Lair:2)
  2 spiny frogs (Lair:1)
  2 trolls
  4 hippogriffs
  Sigmund (D:3)
  A wraith (D:9)
  5 humans (D:10)
  A spriggan (D:8)
  5 yaks (D:10)
  A basilisk (Lair:2)
  Grum (D:8)
  A water moccasin (Lair:1)
  A porcupine (Lair:2)
  3 sky beasts
  2 phantoms
  A necrophage (D:6)
  5 orc warriors
  A slave (D:4)
  3 wolves (D:8)
  3 ogres
  A centaur (D:8)
  3 crocodiles
  6 bullfrogs
  8 gnoll sergeants (Bailey)
  2 scorpions
  An electric eel (Lair:1)
  2 crimson imps
  4 orc priests
  A jelly (D:9)
  2 hounds (Bailey)
  A quasit (D:10)
  A centaur skeleton (D:10)
  7 gnoll shamans
  7 orc wizards
  2 iguanas (D:4)
  6 worker ants
  A statue (D:4)
  25 gnolls
  A howler monkey skeleton (D:10)
  5 adders
  2 shadow imps (D:10)
  An adder zombie (D:5)
  2 adder skeletons
  A worm (D:4)
  2 dart slugs
  2 leopard geckos
  39 orcs
  2 ball pythons (D:3)
  2 giant cockroaches
  5 goblins
  2 hobgoblins
  9 jackals
  4 kobolds
  3 quokkas
  A bat (D:3)
  3 frilled lizards
  2 quokka zombies
  3 rats
221 creatures vanquished.

Vanquished Creatures (others)
  The ghost of pk666 the Magician, a novice DEWz (D:4)
  A slave (D:4)
  An orc wizard (Orc:1)
  An orc (D:9)
  A fungus (Lair:1)
  A plant (Lair:2)
6 creatures vanquished.

Grand Total: 227 creatures vanquished

Notes
Turn   | Place    | Note
-------+----------+-------------------------------------------
     0 | D:1      | letownia2 the Gargoyle Wizard began the quest for the Orb.
     0 | D:1      | Reached XP level 1. HP: 10/10 MP: 4/4
   142 | D:1      | Reached skill level 2 in Conjurations
   162 | D:1      | Reached XP level 2. HP: 8/15 MP: 0/6
   448 | D:2      | Reached skill level 3 in Conjurations
   509 | D:2      | Reached XP level 3. HP: 14/19 MP: 3/7
   517 | D:2      | Learned a level 3 spell: Mephitic Cloud
   521 | D:2      | Learned a level 3 spell: Conjure Flame
   725 | D:3      | Reached XP level 4. HP: 10/24 MP: 2/8
   860 | D:3      | Learned a level 2 spell: Blink
   919 | D:3      | Reached skill level 1 in Fire Magic
   919 | D:3      | Reached skill level 1 in Poison Magic
   982 | D:4      | Reached skill level 1 in Air Magic
   983 | D:4      | Found a shadowy altar of Dithmenos.
   993 | D:4      | Noticed pk666's ghost (novice DEWz)
  1053 | D:4      | Reached XP level 5. HP: 12/28 MP: 0/9
  1125 | D:3      | Noticed Sigmund
  1203 | D:3      | Killed Sigmund
  1203 | D:3      | Reached skill level 4 in Conjurations
  1203 | D:3      | Reached XP level 6. HP: 17/32 MP: 1/10
  1421 | D:4      | Found a radiant altar of Vehumet.
  1476 | D:4      | Found a hide-covered altar of Uskayaw.
  1476 | D:4      | Noticed Pikel
  1478 | D:4      | Noticed a slave
  1480 | D:4      | Noticed a slave
  1481 | D:4      | Noticed a slave
  1496 | D:4      | Killed Pikel
  1496 | D:4      | Reached skill level 5 in Conjurations
  1496 | D:4      | Reached XP level 7. HP: 37/41 MP: 3/13
  1583 | D:4      | Killed pk666's ghost
  1588 | D:4      | Became a worshipper of Vehumet
  1646 | D:5      | Entered Level 5 of the Dungeon
  1647 | D:5      | Found a glowing golden altar of the Shining One.
  1747 | D:5      | Reached skill level 6 in Conjurations
  1747 | D:5      | Reached XP level 8. HP: 48/48 MP: 5/14
  1769 | D:5      | Learned a level 2 spell: Call Imp
  2188 | D:7      | Reached * piety under Vehumet
  2188 | D:7      | Offered knowledge of Sting by Vehumet.
  2191 | D:7      | Learned a level 1 spell: Sting
  2210 | D:7      | Reached skill level 5 in Spellcasting
  2263 | D:8      | Found a flagged portal.
  2331 | Bailey   | Entered a bailey
  2356 | Bailey   | Reached skill level 7 in Conjurations
  2705 | Bailey   | Got an ichor-stained trident {flame}
  2706 | Bailey   | Identified the +6 trident of Tension {flame, Int+4} (You took it off a gnoll shaman in a bailey)
  2735 | Bailey   | Reached skill level 1 in Armour
  2735 | Bailey   | Reached XP level 9. HP: 38/52 MP: 1/18
  2791 | Bailey   | Offered knowledge of Flame Tongue by Vehumet.
  2795 | Bailey   | Reached ** piety under Vehumet
  2908 | Bailey   | Learned a level 1 spell: Flame Tongue
  3066 | D:8      | Reached skill level 8 in Conjurations
  3077 | D:8      | Noticed Grum
  3098 | D:8      | Killed Grum
  3115 | D:8      | Reached skill level 9 in Conjurations
  3280 | D:8      | Reached skill level 10 in Conjurations
  3290 | D:8      | Found a bloodstained altar of Trog.
  3322 | D:8      | Offered knowledge of Inner Flame by Vehumet.
  3443 | D:8      | Reached *** piety under Vehumet
  3525 | D:9      | Learned a level 3 spell: Inner Flame
  3559 | D:9      | Noticed a two-headed ogre
  3580 | D:9      | Killed a two-headed ogre
  3580 | D:9      | Reached XP level 10. HP: 56/56 MP: 10/21
  3588 | D:9      | Found an ancient bone altar of Kikubaaqudgha.
  3620 | D:9      | Found Gumelas's Food Emporium.
  3741 | D:9      | Found a deep blue altar of Sif Muna.
  3820 | D:7      | Offered knowledge of Iskenderun's Mystic Blast by Vehumet.
  3852 | D:9      | Noticed a two-headed ogre
  3872 | D:9      | Killed a two-headed ogre
  3880 | D:9      | Learned a level 4 spell: Iskenderun's Mystic Blast
  3921 | D:9      | Found a staircase to the Lair.
  3945 | Lair:1   | Entered Level 1 of the Lair of Beasts
  3987 | Lair:1   | Noticed a spiny frog
  4004 | Lair:1   | Killed a spiny frog
  4058 | Lair:1   | Noticed a spiny frog
  4082 | Lair:1   | Killed a spiny frog
  4100 | Lair:1   | Reached skill level 11 in Conjurations
  4260 | Lair:2   | Reached XP level 11. HP: 43/60 MP: 22/24
  4301 | Lair:2   | Reached **** piety under Vehumet
  4331 | Lair:2   | Reached skill level 12 in Conjurations
  4352 | Lair:2   | Noticed a death yak
  4352 | Lair:2   | Noticed a death yak
  4365 | Lair:2   | Noticed a death yak
  4366 | Lair:2   | Noticed a death yak
  4368 | Lair:2   | Killed a death yak
  4649 | D:10     | Entered Level 10 of the Dungeon
  4694 | D:10     | Offered knowledge of Throw Icicle by Vehumet.
  4705 | D:10     | Learned a level 4 spell: Throw Icicle
  4723 | D:10     | Reached skill level 1 in Ice Magic
  5046 | D:10     | Reached skill level 13 in Conjurations
  5158 | D:11     | Found a staircase to the Orcish Mines.
  5172 | Orc:1    | Entered Level 1 of the Orcish Mines
  5218 | Orc:1    | Noticed an orc knight
  5227 | Orc:1    | Killed an orc knight
  5228 | Orc:1    | Reached ***** piety under Vehumet
  5231 | Orc:1    | Mangled by an orc warrior

Skill      XL: |  1  2  3  4  5  6  7  8  9 10 11 |
---------------+----------------------------------+-----
Conjurations   | 2 3 4 5 6 7 10 11 13 | 13.7
Fire Magic     | 1 2 |  2.3
Poison Magic   | 1 2 |  2.3
Air Magic      | 1 2 |  2.0
Fighting       | 3 |  3.7
Spellcasting   | 4 6 7 9 |  9.7
Armour         | 1 3 |  3.0
Dodging        | 2 |  2.9
Ice Magic      | 3 |  3.2
Stealth        | |  2.1
Summonings     | |  0.8
Translocations | |  0.8

Action                   |  1- 3 |  4- 6 |  7- 9 | 10-12 || total
-------------------------+-------+-------+-------+-------++-------
Melee: Spear             |    33 |    86 |       |       ||   119
       Unarmed           |     1 |       |       |       ||     1
       Flail             |       |    31 |   103 |       ||   134
       Hand axe          |       |       |    65 |       ||    65
       Trident           |       |       |   112 |   187 ||   299
Throw: Throwing net      |       |       |     5 |     4 ||     9
 Cast: Magic Dart        |    58 |    35 |    27 |     5 ||   125
       Mephitic Cloud    |       |    11 |    31 |    22 ||    64
       Conjure Flame     |       |     1 |     7 |    17 ||    25
       Sting             |       |       |    79 |    14 ||    93
       Flame Tongue      |       |       |    16 |    40 ||    56
       Iskenderun's Myst |       |       |       |    37 ||    37
       Blink             |       |       |       |     3 ||     3
       Inner Flame       |       |       |       |     1 ||     1
       Throw Icicle      |       |       |       |     1 ||     1
Evoke: Wand              |       |       |       |     1 ||     1
  Use: Scroll            |       |     3 |     1 |     1 ||     5
 Stab: Sleeping          |     1 |       |       |       ||     1
       Confused          |       |     3 |     6 |     7 ||    16
       Held in net/web   |       |       |     1 |     1 ||     2
  Eat: Chunk             |       |     3 |     8 |     6 ||    17
Armor: Robe              |    31 |     2 |       |       ||    33
       Leather armour    |       |    38 |    80 |       ||   118
       Ring mail         |       |       |    29 |   111 ||   140
Dodge: Dodged            |    55 |    41 |   134 |   117 ||   347
